 Dungeon Crawl Stone Soup version 0.22.0-49-gab54619 (webtiles) character file.

7777 jerryfan the Covert (level 11, -5/91 HPs)
             Began as a Demonspawn Fighter on Sept 7, 2018.
             Was a Priest of Dithmenos.
             Slain by a minotaur (29 damage)
             ... in a labyrinth on Sept 8, 2018.
             The game lasted 00:49:32 (12054 turns).

jerryfan the Covert (Demonspawn Fighter)           Turns: 12054, Time: 00:49:33

Health: -5/91      AC:  8    Str: 18    XL:     11   Next: 1%
Magic:  3/12       EV: 10    Int: 16    God:    Dithmenos [***...]
Gold:   572        SH:  7    Dex: 15    Spells: 5/10 levels left

rFire    . . .     SeeInvis .   g - +8 short sword (elec)
rCold    . . .     Gourm    .   k - +2 buckler
rNeg     . . .     Faith    .   h - +1 ring mail of the Kraken {+Fly rCorr Dex-4 Stlth+}
rPois    .         Spirit   .   (helmet restricted)
rElec    .         Reflect  .   (no cloak)
rCorr    +         Harm     .   (no gloves)
MR       .....                  u - +0 pair of boots
Stlth    ++++++....             r - amulet of the acrobat
HPRegen  0.25/turn              n - +5 ring of intelligence
MPRegen  0.13/turn              E - +4 ring of dexterity (curse)

@: very slightly contaminated, wreathed by umbra
A: antennae 2, fangs 1, thin skeletal structure 1, demonic guardian 2, foul
stench 2, high mp 1, robust 1, rot immunity
a: Shadow Step, Renounce Religion, Evoke Flight


You were in a labyrinth.
You worshipped Dithmenos.
Dithmenos was most pleased with you.
You were hungry.

You visited 1 branch of the dungeon, and saw 11 of its levels.
You also visited: Labyrinth and Sewer.

You collected 771 gold pieces.
You spent 199 gold pieces at shops.

Inventory:

Hand Weapons
 a - a +0 war axe
 g - a +8 short sword of electrocution (weapon)
 j - a +0 dagger
 m - a +1 dagger of flaming
 s - a +0 dagger of distortion
 F - a +2 dagger of draining
 G - the +7 hunting sling "Diga" {velocity, rF+ Str+2}
   (You found it on level 8 of the Dungeon)

   Any stone fired from it inflicts extra damage.
   It affects your strength (+2).
   It protects you from fire.
 H - the +1 shortbow "Memeho" {venom, rC+ Dex+4 Stlth+, unknown}
   (You found it in a labyrinth)

   It poisons the ammo it fires.
   It affects your dexterity (+4).
   It protects you from cold.
   It makes you more stealthy.
Missiles
 q - 12 tomahawks
 y - 10 javelins
 A - a throwing net
 B - 4 tomahawks of returning (quivered)
Armour
 b - a +0 scale mail
 c - a +0 shield
 h - the +1 ring mail of the Kraken (worn) {+Fly rCorr Dex-4 Stlth+}
   (You bought it in a shop on level 8 of the Dungeon)

   It affects your dexterity (-4).
   It lets you fly.
   It provides partial protection from all sources of acid and corrosion.
   It makes you more stealthy.
 k - a +2 buckler (worn)
 u - a +0 pair of boots (worn)
 v - a +1 robe of the Archmagi
 w - a +2 leather armour
Jewellery
 n - a +5 ring of intelligence (left hand)
 r - an amulet of the acrobat (around neck)
 E - a cursed +4 ring of dexterity (right hand)
Wands
 o - a wand of random effects (13)
 C - a wand of acid (5)
 J - a wand of scattershot (5)
Scrolls
 d - a scroll of blinking
 e - 2 scrolls of enchant armour
 i - 4 scrolls of remove curse
 l - 3 scrolls of amnesia
 p - 6 scrolls of identify
 x - 4 scrolls of teleportation
Potions
 t - 2 potions of magic
 z - 3 potions of flight
 D - 2 potions of curing
 I - a potion of heal wounds
Comestibles
 f - 21 rations


   Skills:
 + Level 6.4 Fighting
 * Level 7.3 Short Blades
 - Level 2.1 Axes
 + Level 5.0 Throwing
 + Level 5.9 Armour
 * Level 8.0 Stealth
 + Level 5.8 Shields
 + Level 3.4 Charms
 - Level 3.0 Summonings


You had 5 spell levels left.
You knew the following spells:

 Your Spells              Type           Power        Failure   Level  Hunger
a - Call Imp              Summ           #.......     19%         2    ###....
b - Infusion              Chrm           ##..         11%         1    ##.....
c - Song of Slaying       Chrm           ##......     16%         2    ###....

Your spell library contained the following spells:

 Spells                   Type           Power        Failure   Level  Hunger
 Shroud of Golubria       Chrm/Tloc      #.........   32%         2    ###....
 Magic Dart               Conj           #...         38%         1    ##.....
 Blink                    Tloc           N/A          54%         2    ###....
 Slow                     Hex            #.......     54%         2    ###....
 Regeneration             Chrm/Necr      #.........   54%         3    ####...
 Spectral Weapon          Hex/Chrm       #.......     54%         3    ####...
 Conjure Flame            Conj/Fire      #.......     77%         3    ####...
 Mephitic Cloud           Conj/Pois/Air  #.......     77%         3    ####...


Dungeon Overview and Level Annotations

Branches:
Dungeon (11/15)            Temple (0/1) D:7             Orc (0/2) D:9
   Lair: D:8-11

Altars:
Ashenzari
Cheibriados
Dithmenos
Fedhas
Gozag
Kikubaaqudgha
Nemelex Xobeh
Ru
Sif Muna
Trog
Uskayaw
Wu Jian
Zin

Shops:
D:8 *?=   D:9 *   D:10 %

Annotations:
D:4 2 runed doors, Loudmushroom's ghost, amateur GrFi
D:5 exclusion: downstairs
D:7 exclusion: downstairs


Innate Abilities, Weirdness & Mutations

You have a pair of antennae on your head.
You have a somewhat thin skeletal structure. (Dex +2, Stealth)
A demonic guardian rushes to your aid.
You frequently emit foul miasma when damaged in melee.
You are robust. (+10% HP)
You are immune to rotting.
You have very sharp teeth.
You have an increased reservoir of magic. (+10% MP)


Message History

The minotaur barely misses your sixfirhy.
The minotaur burns!
Your sixfirhy hits the minotaur.
Your sixfirhy shocks the minotaur!
Your sixfirhy closely misses the minotaur.
Your sixfirhy hits the minotaur but does no damage.
The minotaur hits your sixfirhy!!
Your sixfirhy dies!
There is an open door here.
The minotaur burns!
You block the minotaur's attack. The minotaur gores you!
* * * LOW HITPOINT WARNING * * *
You see here 3 javelins.
You hit the minotaur.
You bite the minotaur, but do no damage.
The minotaur is severely wounded.
The minotaur burns!
You hit the minotaur.
You bite the minotaur, but do no damage.
The minotaur is almost dead.
The minotaur burns!
The minotaur hits you!!
You die...

#.# .# ##+###
#.⌠..# #. ###.#
#...⌠+ #. . .#
{+⌠.(.# #.. . .
#..<.# ... #H# # #
#@# . ..
#..####'#######.###
#.....((........#
###..####.#####.#
..........# . #.
#.###..####. # # #.
.# . #.. # .#) . ##
# # ...## .


You could see a minotaur (burning).

Vanquished Creatures
  A centaur warrior (D:10)
  An unseen horror (D:10)
  Psyche (D:9)
  2 gargoyles (Lab)
  A troll (D:9)
  Prince Ribbit (D:6)
  3 hippogriffs
  A shadow (D:7)
  A spriggan (D:10)
  A redback (Lab)
  A wyvern (D:8)
  2 yaks (D:10)
  A hungry ghost (D:8)
  A warg (D:9)
  Purgy (Sewer)
  6 orc warriors
  5 phantoms
  A sky beast (D:7)
  An ogre (D:9)
  4 centaurs
  A necrophage (D:8)
  A crocodile (D:8)
  2 bullfrogs
  A gnoll sergeant (D:10)
  3 scorpions
  3 killer bees (D:8)
  A troll skeleton (Lab)
  A spriggan skeleton (Lab)
  A crimson imp (D:5)
  A bullfrog skeleton (D:4)
  A centaur skeleton (Lab)
  3 hounds
  7 orc priests
  13 orc wizards
  An iguana (D:4)
  5 worker ants
  An ogre skeleton (Lab)
  2 hound skeletons
  A howler monkey zombie (D:3)
  2 worker ant zombies
  11 gnolls
  10 adders
  4 shadow imps
  An ooze (D:3)
  2 adder skeletons
  2 worms
  A dart slug (D:3)
  5 leopard geckos
  42 orcs
  2 ball pythons
  6 giant cockroaches
  7 goblins
  10 hobgoblins
  3 jackals (D:6)
  13 kobolds
  2 quokkas
  7 bats
  10 frilled lizards
  A jackal skeleton (D:7)
  2 leopard gecko skeletons
  5 rats
  2 rat zombies
235 creatures vanquished.

Vanquished Creatures (collateral kills)
  A yak (D:10)
  An ogre (D:8)
  A scorpion (D:4)
  A killer bee (D:8)
  A howler monkey (D:8)
  A hound (D:7)
  An orc wizard (D:5)
  An iguana (D:7)
  A worker ant (D:7)
  2 gnolls (D:7)
  A shadow imp (D:8)
  2 leopard geckos
  3 orcs
  A bat zombie (D:6)
  A quokka (D:7)
19 creatures vanquished.

Vanquished Creatures (others)
  An orc wizard (D:6)
1 creature vanquished.

Grand Total: 255 creatures vanquished

Notes
Turn   | Place    | Note
-------+----------+-------------------------------------------
     0 | D:1      | jerryfan the Demonspawn Fighter began the quest for the
                  | Orb.
     0 | D:1      | Reached XP level 1. HP: 18/18 MP: 1/1
    67 | D:1      | Gained mutation: You have a somewhat thin skeletal
                  | structure. (Dex +2, Stealth) [demonic ancestry]
    67 | D:1      | Reached XP level 2. HP: 24/24 MP: 2/2
   309 | D:1      | Gained mutation: You have a pair of small antennae on your
                  | head. [demonic ancestry]
   309 | D:1      | Reached XP level 3. HP: 7/29 MP: 3/3
  1240 | D:2      | Found a sparkling altar of Nemelex Xobeh.
  1277 | D:2      | Reached skill level 1 in Short Blades
  1277 | D:2      | Reached skill level 1 in Stealth
  1327 | D:2      | Reached skill level 1 in Throwing
  1360 | D:2      | Found a faded altar of an unknown god.
  1376 | D:2      | Gained mutation: You have a pair of antennae on your head.
                  | [demonic ancestry]
  1376 | D:2      | Reached XP level 4. HP: 35/35 MP: 4/4
  2060 | D:3      | Found a deep blue altar of Sif Muna.
  2226 | D:4      | Found a glowing drain.
  2244 | D:4      | Gained mutation: You are immune to rotting. [demonic
                  | ancestry]
  2244 | D:4      | Reached XP level 5. HP: 39/41 MP: 5/5
  2264 | Sewer    | Entered a sewer
  2467 | Sewer    | Noticed Purgy
  2473 | Sewer    | Killed Purgy
  2473 | Sewer    | Reached skill level 2 in Stealth
  2592 | D:4      | Found a shattered altar of Ashenzari.
  2643 | D:4      | Noticed a phantom
  2653 | D:4      | Killed a phantom
  2653 | D:4      | Gained mutation: A weak demonic guardian rushes to your
                  | aid. [demonic ancestry]
  2653 | D:4      | Reached XP level 6. HP: 38/48 MP: 6/6
  2696 | D:4      | Found a runed door.
  2699 | D:4      | Noticed Loudmushroom's ghost (amateur GrFi)
  2712 | D:4      | Learned a level 2 spell: Call Imp
  2819 | D:4      | Found a runed door.
  3379 | D:4      | Reached skill level 3 in Stealth
  3528 | D:5      | Entered Level 5 of the Dungeon
  3731 | D:5      | Reached XP level 7. HP: 46/53 MP: 7/7
  3767 | D:5      | Reached skill level 1 in Summonings
  5141 | D:6      | Found a bloodstained altar of Trog.
  5231 | D:6      | Reached skill level 4 in Stealth
  5254 | D:6      | Gained mutation: You may emit foul miasma when damaged in
                  | melee. [demonic ancestry]
  5254 | D:6      | Reached XP level 8. HP: 14/60 MP: 8/8
  5975 | D:6      | Found an ancient bone altar of Kikubaaqudgha.
  5989 | D:6      | Found a snail-covered altar of Cheibriados.
  5994 | D:6      | Found a hide-covered altar of Uskayaw.
  5995 | D:6      | Found a shadowy altar of Dithmenos.
  5995 | D:6      | Found an ornate altar of the Wu Jian Council.
  5997 | D:6      | Found a sparkling altar of Nemelex Xobeh.
  6000 | D:6      | Found a blossoming altar of Fedhas.
  6007 | D:6      | Became a worshipper of Dithmenos the Shadowed
  6124 | D:6      | Noticed Prince Ribbit
  6178 | D:6      | Killed Prince Ribbit
  6400 | D:7      | Noticed a hippogriff
  6407 | D:6      | Killed a hippogriff
  6575 | D:7      | Reached skill level 5 in Stealth
  6653 | D:7      | Found a staircase to the Ecumenical Temple.
  6694 | D:7      | Found an opulent altar of Gozag.
  6780 | D:7      | Reached skill level 5 in Fighting
  6780 | D:7      | Gained mutation: You frequently emit foul miasma when
                  | damaged in melee. [demonic ancestry]
  6780 | D:7      | Reached XP level 9. HP: 28/68 MP: 4/9
  7100 | D:7      | Reached * piety under Dithmenos
  7145 | D:7      | Learned a level 1 spell: Infusion
  7161 | D:7      | Reached skill level 5 in Short Blades
  7564 | D:8      | Learned a level 2 spell: Song of Slaying
  8081 | D:8      | Reached skill level 1 in Charms
  8220 | D:8      | Reached skill level 6 in Stealth
  8265 | D:8      | Got a fine hunting sling
  8266 | D:8      | Identified the +7 hunting sling "Diga" {velocity, rF+
                  | Str+2} (You found it on level 8 of the Dungeon)
  8314 | D:8      | Found Xoj Kiwa's General Store.
  8319 | D:8      | Reached skill level 5 in Armour
  8319 | D:8      | Reached skill level 5 in Shields
  8337 | D:8      | Reached ** piety under Dithmenos
  8359 | D:8      | Bought the +1 ring mail of the Kraken {+Fly rCorr Dex-4
                  | Stlth+} for 199 gold pieces
  8399 | D:8      | Found Bimaz's Jewellery Emporium.
  8915 | D:8      | Found a glowing silver altar of Zin.
  8915 | D:8      | Found a sacrificial altar of Ru.
  8933 | D:8      | Found Vaiczitzi's Magic Scroll Shop.
  9163 | D:9      | Noticed a troll
  9168 | D:9      | Killed a troll
  9179 | D:9      | Gained mutation: You are robust. (+10% HP) [demonic
                  | ancestry]
  9179 | D:9      | Reached XP level 10. HP: 52/83 MP: 8/10
  9208 | D:9      | HP: 4/83 [orc priest/club (6)]
  9209 | D:9      | Gained mutation: You are weak. (Str -2) [potion of
                  | mutation]
  9209 | D:9      | Lost mutation: You are weak. (Str -2) [potion of mutation]
  9209 | D:9      | Gained mutation: You have an increased reservoir of magic.
                  | (+10% MP) [potion of mutation]
  9209 | D:9      | Gained mutation: You have very sharp teeth. [potion of
                  | mutation]
  9602 | D:9      | Found Foudah's Assorted Antiques.
  9736 | D:9      | Found a staircase to the Orcish Mines.
  9825 | D:9      | Noticed Psyche
  9873 | D:9      | Killed Psyche
  9902 | D:9      | Reached skill level 7 in Stealth
 10258 | D:10     | Entered Level 10 of the Dungeon
 10269 | D:10     | Found a shattered altar of Ashenzari.
 10409 | D:10     | Reached *** piety under Dithmenos
 10441 | D:10     | Found Xout Viwn's Food Boutique.
 10616 | D:10     | Killed an unseen horror
 10746 | D:10     | Noticed a centaur warrior
 10754 | D:10     | Killed a centaur warrior
 11110 | D:11     | Found a labyrinth entrance.
 11114 | Lab      | Entered a labyrinth
 11818 | Lab      | Got an encrusted shortbow
 11844 | Lab      | Noticed a gargoyle
 11847 | Lab      | Noticed a gargoyle
 11851 | Lab      | Killed a gargoyle
 11863 | Lab      | Killed a gargoyle
 11863 | Lab      | Reached skill level 5 in Throwing
 11866 | Lab      | Reached skill level 8 in Stealth
 11866 | Lab      | Gained mutation: A demonic guardian rushes to your aid.
                  | [demonic ancestry]
 11866 | Lab      | Reached XP level 11. HP: 67/91 MP: 12/12
 12027 | Lab      | Noticed a minotaur
 12054 | Lab      | Slain by a minotaur

Skill      XL: |  1  2  3  4  5  6  7  8  9 10 |
---------------+-------------------------------+-----
Axes           | 2 |  2.1
Armour         | 3 4 5 |  5.9
Short Blades   | 1 2 3 4 6 7 |  7.3
Stealth        | 1 2 3 4 5 6 8 |  8.0
Throwing       | 1 2 3 4 5 |  5.0
Shields        | 3 4 5 |  5.8
Summonings     | 1 2 3 |  3.0
Fighting       | 4 5 6 |  6.4
Charms         | 2 3 |  3.4

Action                   |  1- 3 |  4- 6 |  7- 9 | 10-12 || total
-------------------------+-------+-------+-------+-------++-------
Melee: War axe           |    34 |       |       |       ||    34
       Dagger            |    23 |       |       |       ||    23
       Short sword       |    46 |   147 |   325 |   135 ||   653
       Bite              |       |       |       |    15 ||    15
Throw: Throwing net      |       |       |     1 |       ||     1
       Tomahawk          |       |       |    11 |     3 ||    14
 Cast: Call Imp          |       |       |    22 |     3 ||    25
       Infusion          |       |       |     7 |     3 ||    10
       Song of Slaying   |       |       |     1 |     2 ||     3
Evoke: Wand              |       |       |     3 |       ||     3
  Use: Potion            |     2 |     1 |     2 |     7 ||    12
       Scroll            |       |     4 |    19 |     1 ||    24
 Stab: Sleeping          |       |     3 |     4 |    12 ||    19
       Distracted        |       |       |     4 |       ||     4
       Invisible         |       |       |       |     2 ||     2
  Eat: Chunk             |     1 |     8 |    17 |     7 ||    33
       Ration            |       |       |     1 |     1 ||     2
Armor: Scale mail        |    44 |    36 |    28 |       ||   108
       Leather armour    |       |       |    14 |       ||    14
       Ring mail         |       |       |     9 |    16 ||    25
       Skin              |       |       |       |     1 ||     1
Dodge: Dodged            |    33 |    42 |   137 |    37 ||   249
Block: Shield            |    21 |       |       |       ||    21
       Buckler           |     8 |    38 |   104 |    20 ||   170
